 Dungeon Crawl Stone Soup version 0.30-a0-242-g7bf8e6d787 (webtiles) character file.

Game seed: 9303520650842922568

111 KennySheep the Insei (level 4, -4/34 HPs)
             Began as a Demigod Transmuter on Oct 12, 2022.
             Slain by Grinder (6 damage)
             ... while paralysed by Grinder
             ... on level 3 of the Dungeon.
             The game lasted 00:04:53 (2350 turns).

KennySheep the Insei (Demigod Transmuter)           Turns: 2350, Time: 00:04:54

Health: -4/34      AC:  2    Str: 17    XL:     4   Next: 36%
Magic:  7/10       EV:  5    Int: 19    God:
Gold:   125        SH:  0    Dex: 19    Spells: 2/8 levels left

rFire   . . .      SeeInvis .      - Unarmed
rCold   + . .      Faith    .    (shield currently unavailable)
rNeg    . . .      Spirit   .    (body armour currently unavailable)
rPois   x          Reflect  .    (helmet currently unavailable)
rElec   .          Harm     .    (cloak currently unavailable)
rCorr   .          Rampage  .    (gloves currently unavailable)
Will    .....                    (boots currently unavailable)
Stlth   ++........               (no amulet)
HPRegen 0.25/turn                k - +6 ring of strength
MPRegen 0.12/turn                g - ring of protection from cold

@: paralysed, spider-form, attractive, invisible
A: venomous fangs, tiny, high MP 1, forlorn, divine attributes
a: End Transformation


You were on level 3 of the Dungeon.
You were a venomous arachnid creature.
You visited 1 branch of the dungeon, and saw 3 of its levels.

You collected 125 gold pieces.

Inventory:

Armour
 a - a +0 robe (melded)
Jewellery
 g - a ring of protection from cold (right front leg)
 k - a +6 ring of strength (left front leg)
Wands
 n - a wand of quicksilver (7)
Scrolls
 c - 4 scrolls of identify {unknown}
 d - a scroll of vulnerability {unknown}
 e - a scroll of fear {unknown}
 h - a scroll of teleportation {unknown}
 i - a scroll of amnesia {unknown}
 j - 2 scrolls of poison {unknown}
 l - a scroll of fog {unknown}


   Skills:
 - Level 0.8 Fighting
 - Level 1.7 Dodging
 - Level 2.6 Unarmed Combat
 - Level 2.6 Spellcasting
 + Level 2.5 Transmutations
 + Level 2.6 Poison Magic


You had 2 spell levels left.
You knew the following spells:

 Your Spells              Type           Power      Damage    Failure   Level
a - Beastly Appendage     Tmut           24%        N/A       16%         1
c - Wereblood             Tmut           12%        N/A       22%         2
z - Spider Form           Tmut/Pois      12%        N/A       34%         3

Your spell library contained the following spells:

 Spells                   Type           Power      Damage    Failure   Level
 Apportation              Tloc           4%         N/A       34%         1
 Necrotise                Necr           8%         1d4       34%         1
 Shock                    Conj/Air       8%         1d3       34%         1
 Summon Small Mammal      Summ           8%         N/A       34%         1
 Swiftness                Air            2%         N/A       65%         3
 Ice Form                 Ice/Tmut       7%         N/A       85%         4
 Airstrike                Air            1%         2d(1-17)  95%         4


Dungeon Overview and Level Annotations

Branches:
Dungeon (3/15)

Annotations:
D:3 Grinder


Innate Abilities, Weirdness & Mutations

You are a venomous arachnid creature.
You have poisonous fangs.
You are tiny and dextrous.
Your spellcasting is less reliable in this form.
Your armour is entirely melded.
You are incapable of wielding weapons or throwing items.
You have an increased reservoir of magic. (+10% MP)
You shall have no god before yourself.
Your divine heritage dramatically boosts your attributes as you level up.


Message History

Grinder misses you.
You hit Grinder.
Grinder is moderately wounded.
Grinder barely misses you.
You hit Grinder but do no damage.
Grinder is heavily wounded.
Grinder is attracted toward you.
You completely miss Grinder.
Grinder is heavily wounded.
Grinder rolls her eyes.
Grinder completely misses you.
You hit Grinder but do no damage.
Grinder is heavily wounded.
Your transformation has ended.
Your +0 robe unmelds from your body.
Grinder blinks!
Grinder is attracted toward you.
You closely miss Grinder.
Grinder is heavily wounded.
Grinder hits you!
* * * LOW HITPOINT WARNING * * *
You writhe in agony.
* * * LOW HITPOINT WARNING * * *
Casting: Spider Form (quite dangerous; 16% risk of failure)
Confirm with . or Enter, or press ? or * to list all spells.
The spell is quite dangerous to miscast (16% risk of failure)!
Continue anyway?
You turn into a venomous arachnid creature.
Your +0 robe melds into your body.
Grinder misses you.
You aren't carrying any potions.
Unknown command.
You closely miss Grinder.
Grinder is heavily wounded.
Grinder says, "DUCK!"
Grinder gestures at you.
You suddenly lose the ability to move!
Grinder hits you.
* * * LOW HITPOINT WARNING * * *
Grinder hits you.
* * * LOW HITPOINT WARNING * * *
You writhe in agony.
You die...

.# #######.### .# #.#.. .# +.
#.## #.#.# #)# #≈#.... #.#.# ).#
#§#..# ## #[#.# ..#
#≈...#######... #.#.# .###
##§...##........ #.#.#
.#.######≈≈............. #.#.#
............####s5.......####.#.#
##...###>........................
###.###.#..#################.###
#...#.#..# #.# ###.#.#†.## #.#
#.#.....# #.# #.###.### #.###
######.###.# #.#.. ........##.#
#.#..


You could see Grinder (unable to see you, poisoned).

Vanquished Creatures
  Robin (D:3)
  4 adders
  A worm (D:3)
  2 dart slugs (D:3)
  2 orcs (D:3)
  2 endoplasms
  2 giant cockroaches
  12 goblins
  9 hobgoblins
  4 jackals (D:3)
  A kobold (D:2)
  4 ball pythons
  A bat (D:3)
  5 frilled lizards
  2 rats
52 creatures vanquished.

Notes
Turn   | Place    | Note
-------+----------+-------------------------------------------
     0 | D:1      | KennySheep the Demigod Transmuter began the quest for the
                  | Orb.
     0 | D:1      | Reached XP level 1. HP: 15/15 MP: 5/5
   200 | D:1      | Reached skill level 1 in Poison Magic
   336 | D:1      | Reached XP level 2. HP: 20/22 MP: 5/7
   822 | D:2      | Reached XP level 3. HP: 9/27 MP: 6/9
   881 | D:2      | Learned a level 3 spell: Spider Form
   890 | D:2      | Learned a level 2 spell: Wereblood
  2160 | D:3      | Reached XP level 4. HP: 23/34 MP: 8/10
  2160 | D:3      | Noticed Robin
  2169 | D:3      | Killed Robin
  2328 | D:3      | Noticed Grinder
  2332 | D:3      | Paralysed by Grinder for 3 turns
  2348 | D:3      | Paralysed by Grinder for 5 turns
  2350 | D:3      | Slain by Grinder

Illustrated notes

Levels and vault maps discovered:
D:1:      minmay_arrival_doors, layout_rooms
D:2:      layout_loops_ring
D:3:      layout_basic, lightli_temple_of_fire, uniq_robin, uniq_grinder,
          uniq_sigmund

Skill      XL: |  1  2  3 |
---------------+----------+-----
Spellcasting   | 2 |  2.6
Poison Magic   | 1 2 |  2.6
Transmutations | 2 |  2.5
Fighting       | |  0.8
Dodging        | |  1.7
Unarmed Combat | |  2.6

Action                   |  1- 3 |  4- 6 || total
-------------------------+-------+-------++-------
Melee: Unarmed           |   140 |    31 ||   171
       Kick              |    25 |       ||    25
       Headbutt          |    10 |       ||    10
 Cast: Beastly Appendage |    23 |       ||    23
       Spider Form       |       |     4 ||     4
  Use: Potion            |     2 |     3 ||     5
 Stab: Sleeping          |     2 |       ||     2
Armor: Robe              |    22 |       ||    22
       Skin              |     2 |     1 ||     3
Dodge: Dodged            |    72 |    27 ||    99

Table legend: (Time is in decaauts)
 A = Elapsed time spent in this place.
 B = Non-inter-level travel time spent in this place.
 C = Inter-level travel time spent in this place.
 D = Time resting spent in this place.
 E = Time spent auto-exploring this place.
 F = Levels seen in this place.
 G = Mean time per level.
                   A        B        C        D        E       F      G
               +--------+--------+--------+--------+--------+-----+--------+
         Total |   2340 |   2291 |     49 |    131 |   1762 |   3 |  780.0 |
       Dungeon |   2340 |   2291 |     49 |    131 |   1762 |   3 |  780.0 |
               +--------+--------+--------+--------+--------+-----+--------+

Top non-repeatable levels by time:
     D:2: 896 daAuts
     D:3: 886 daAuts
     D:1: 557 daAuts
